Map: Deathaura LE

Players

PtitDrogo

  • Race: Protoss Protoss
  • League: Master
  • Spawn Location: 5:00

ShoWTimE - Winner!

  • Race: Protoss Protoss
  • League: Grandmaster
  • Spawn Location: 11:00

Event: War Chest Team League

VOD

Have the link to the VOD?

Description

Time

  • Played on: Aug. 13, 2020, 9:13 a.m.
  • Length: 10:09
Show
View Real Time Build Order
Export as new Build Order

PtitDrogo Protoss 

Build Orders: Mass Adepts 

Get SALT Encoding   

  12  0:00  Probe  
  13  0:12  Probe  
  14  0:16  Pylon  
  14  0:24  Probe (Chrono Boost)  
  16  0:36  Gateway, Probe (Chrono Boost)  
  16  0:43  Probe (Chrono Boost)  
  16  0:45  Assimilator  
  17  0:51  Probe  
  17  0:53  Assimilator  
  18  1:03  Probe (Chrono Boost)  
  19  1:07  Gateway  
  19  1:12  Probe (Chrono Boost)  
  19  1:17  Probe (Chrono Boost)  
  20  1:23  Cybernetics Core  
  21  1:29  Probe  
  22  1:34  Pylon  
  22  1:41  Probe  
  23  1:57  Warp Gate (Chrono Boost)  
  23  2:00  Adept x2  
  27  2:04  Pylon  
  27  2:07  Probe  
  28  2:30  Adept x2  
  32  2:41  Nexus  
  32  2:47  Probe  
  33  3:00  Adept x2  
  34  3:22  Probe  
  34  3:26  Pylon  
  35  3:28  Forge  
  35  3:38  Adept x2  
  39  3:44  Twilight Council  
  39  3:45  Probe (Chrono Boost)  
  40  3:55  Probe x2 (Chrono Boost)  
  42  3:58  Sentry  
  42  3:59  Sentry  
  42  4:02  Probe (Chrono Boost)  
  48  4:03  Probe (Chrono Boost)  
  48  4:07  Probe (Chrono Boost)  
  49  4:15  Probe (Chrono Boost)  
  50  4:17  Protoss Ground Weapons Level 1  
  50  4:19  Probe (Chrono Boost)  
  52  4:26  Probe (Chrono Boost)  
  52  4:27  Probe (Chrono Boost)  
  52  4:29  Resonating Glaives (Chrono Boost)  
  53  4:35  Probe x2  
  55  4:38  Adept x2  
  55  4:42  Pylon  
  59  4:47  Probe  
  60  4:53  Probe  
  60  4:54  Pylon  
  60  4:59  Assimilator, Probe  
  62  5:00  Adept x2  
  62  5:05  Probe  
  67  5:08  Pylon  
  67  5:14  Pylon  
  67  5:15  Probe  
  67  5:19  Probe  
  69  5:27  Probe  
  70  5:31  Probe  
  70  5:32  Adept x2  
  75  5:39  Probe, Nexus  
  76  5:48  Probe  
  77  5:51  Probe  
  74  6:03  Phoenix  
  58  6:05  Probe x2  
  58  6:10  Adept x2, Dark Shrine  
  62  6:11  Phoenix  
  62  6:17  Probe  
  62  6:18  Gateway x2  
  59  6:24  Gateway x2  
  58  6:25  Probe  
  58  6:28  Blink (Chrono Boost)  
  58  6:29  Protoss Ground Weapons Level 2 (Chrono Boost)  
  58  6:31  Stalker x2  
  60  6:41  Shield Battery  
  60  6:54  Stalker x2  
  64  7:06  Assimilator  
  64  7:13  Shield Battery  
  64  7:17  Stalker x4  
  64  7:18  Stalker x2  
  60  7:36  Dark Templar  
  62  7:40  Dark Templar  
  62  7:41  Dark Templar  
  66  7:44  Probe  
  66  7:47  Probe  
  66  7:51  Nexus  
  68  7:52  Pylon  
  68  7:55  Stalker x3  
  74  7:58  Probe  
  74  7:59  Probe  
  74  8:02  Assimilator  
  76  8:07  Assimilator  
  76  8:11  Probe  
  77  8:18  Probe  
  74  8:25  Probe  
  73  8:28  Shield Battery  
  73  8:30  Probe  
  73  8:31  Robotics Facility  
  73  8:33  Stalker x3, Shield Battery  
  73  8:34  Stalker  
  82  8:37  Stalker  
  77  8:50  Probe  
  77  8:55  Stalker  
  78  8:57  Probe (Chrono Boost)  
  79  9:05  Probe (Chrono Boost)  
  79  9:08  Probe (Chrono Boost)  
  79  9:09  Probe (Chrono Boost)  
  82  9:18  Probe (Chrono Boost)  
  82  9:20  Probe (Chrono Boost)  
  82  9:21  Observer (Chrono Boost)  
  82  9:22  Robotics Bay  
  84  9:25  Robotics Facility  
  84  9:28  Photon Cannon  
  84  9:34  Stalker  
  84  9:36  Stalker  
  82  9:45  Dark Templar  
  81  9:47  Dark Templar  
Show
View Real Time Build Order
Export as new Build Order

ShoWTimE Protoss - Winner!

Build Orders: Phoenix Opening 

Get SALT Encoding   

  12  0:00  Probe  
  13  0:12  Probe  
  14  0:16  Pylon  
  14  0:24  Probe (Chrono Boost)  
  16  0:36  Gateway, Probe (Chrono Boost)  
  16  0:43  Probe (Chrono Boost)  
  16  0:45  Assimilator  
  17  0:50  Probe  
  17  0:55  Assimilator  
  18  1:03  Probe (Chrono Boost)  
  19  1:08  Gateway  
  20  1:12  Probe (Chrono Boost)  
  20  1:17  Probe (Chrono Boost)  
  20  1:24  Cybernetics Core  
  21  1:29  Probe  
  22  1:35  Pylon  
  22  1:41  Probe  
  23  1:53  Probe  
  24  1:58  Warp Gate (Chrono Boost)  
  24  2:00  Adept x2  
  28  2:06  Probe  
  29  2:10  Pylon  
  29  2:16  Shield Battery  
  29  2:21  Pylon  
  29  2:31  Sentry x2  
  33  2:44  Nexus  
  33  2:48  Probe  
  36  2:58  Shield Battery  
  36  3:00  Sentry  
  36  3:04  Shield Battery  
  36  3:08  Sentry  
  36  3:10  Phoenix  
  36  3:12  Pylon  
  38  3:15  Probe  
  39  3:27  Twilight Council  
  39  3:30  Probe  
  40  3:42  Adept x2, Probe  
  45  3:49  Forge  
  46  3:56  Probe (Chrono Boost)  
  46  4:00  Probe (Chrono Boost)  
  47  4:04  Adept  
  47  4:05  Adept  
  51  4:10  Shield Battery  
  51  4:11  Probe (Chrono Boost)  
  51  4:12  Probe  
  54  4:25  Stalker, Probe x2 (Chrono Boost)  
  54  4:26  Blink (Chrono Boost)  
  57  4:35  Shield Battery  
  57  4:36  Phoenix  
  57  4:37  Protoss Ground Weapons Level 1 (Chrono Boost), Probe (Chrono Boost)  
  59  4:41  Probe (Chrono Boost)  
  59  4:43  Probe (Chrono Boost)  
  60  4:48  Probe  
  60  4:50  Pylon  
  60  4:51  Probe  
  62  4:56  Robotics Facility  
  62  5:01  Assimilator  
  62  5:08  Stalker x2, Probe  
  62  5:11  Shield Battery  
  62  5:13  Pylon, Probe  
  68  5:20  Pylon  
  68  5:21  Probe  
  69  5:29  Pylon  
  69  5:32  Stalker, Shield Battery  
  69  5:33  Stalker  
  69  5:34  Probe x2  
  75  5:46  Probe  
  75  5:47  Probe  
  77  5:51  Pylon  
  77  5:56  Shield Battery  
  75  5:57  Stalker x2  
  75  6:01  Probe  
  71  6:15  Probe  
  71  6:17  Nexus  
  71  6:18  Pylon  
  72  6:22  Stalker x2  
  75  6:29  Charge, Probe x2  
  75  6:32  Observer  
  77  6:40  Protoss Ground Weapons Level 2 (Chrono Boost)  
  77  6:41  Probe x2  
  77  6:44  Gateway x2  
  79  6:53  Probe x2  
  81  6:59  Pylon  
  81  7:05  Probe x2  
  81  7:08  Gateway x2  
  83  7:11  Stalker  
  85  7:17  Probe x2  
  85  7:27  Stalker  
  85  7:29  Probe x2  
  85  7:30  Probe  
  85  7:33  Immortal (Chrono Boost)  
  90  7:41  Probe x2  
  90  7:43  Gateway, Shield Battery  
  92  7:45  Sentry x2, Gateway  
  92  7:49  Photon Cannon  
  96  7:54  Probe x2  
  96  7:55  Assimilator, Probe  
  99  8:00  Pylon  
  99  8:02  Immortal (Chrono Boost)  
  103  8:09  Stalker  
  103  8:10  Stalker  
  107  8:18  Photon Cannon  
  106  8:21  Probe  
  106  8:22  Probe  
  106  8:26  Probe  
  106  8:27  Photon Cannon  
  106  8:31  Warp Prism (Chrono Boost)  
  106  8:37  Stalker x3  
  114  8:48  Phoenix  
  110  8:58  Zealot x5  
  116  9:04  Observer  
  116  9:09  Assimilator, Zealot x3  
  121  9:20  Zealot x5  
  121  9:22  Pylon  
  131  9:26  Observer  
  132  9:41  Pylon  
  132  9:43  Zealot x7  
  132  9:44  Zealot  
Tags
 
Add a new tag
Caveats
  • Supply blocks, unpowered buildings, or Contaminate may cause inaccurate times.
  • Supply counts are checked every 10 seconds.